General information
- name: BNet
- type: Ladder team game (AT/RT)
- host: Battle.net
- saver: nsf001
map: Mur'gulOasis
- players: 8
- length: 24:22
- speed: Fast
- version: 1.26 W3XP
- replay type: Public
» download(173 KB)
Players
team 1 (loser)

»
stokkies (
yellow | 49 APM | 1092 actions | 22:10)
5 Dreadlord
3 Vampiric Aura
2 Sleep
3 Lich
2 Frost Nova
1 Frost Armor
» actions
| Basic commands | 154 | |
| Build / train | 55 | |
| Enter build submenu | 15 | |
| Enter hero's abilities submenu | 8 | |
| Right click | 366 | |
| Select / deselect | 443 | |
| Use ability | 51 | |
1092 total
» units
| Acolyte | 2 | |
| Ghoul | 19 | |
| Obsidian Statue | 3 | |
| Abomination | 4 | |
| Gargoyle | 2 | |
| Meatwagon | 1 | |
31 total
» upgrades
| Cannibalize | 1 | |
| Unholy Strength | 3 | |
| Unholy Armor | 3 | |
| Ghoul Frenzy | 1 | |
| Destroyer Form | 1 | |
9 total
» buildings
| Crypt | 2 | |
| Ziggurat | 5 | |
| Altar of Darkness | 1 | |
| Graveyard | 1 | |
| Tomb of Relics | 1 | |
| Halls of the Dead | 1 | |
| Black Citadel | 1 | |
| Slaughterhouse | 2 | |
| Nerubian Tower | 1 | |
15 total
» build order
00:16 Crypt
00:20 Ziggurat
00:41 Altar of Darkness
01:03 Crypt
01:40 Graveyard
02:22 Ziggurat
02:24 Ziggurat
02:51 Tomb of Relics
05:43 Halls of the Dead
07:37 Ziggurat
08:48 Black Citadel
08:51 Slaughterhouse
10:15 Ziggurat
19:22 Slaughterhouse
21:47 Nerubian Tower
» items

»
kimmer (
teal | 18 APM | 442 actions | 24:20)
4 Keeper of the Grove
2 Entangling Roots
2 Force of Nature
» actions
| Build / train | 38 | |
| Enter build submenu | 14 | |
| Enter hero's abilities submenu | 4 | |
| Right click | 207 | |
| Select / deselect | 147 | |
| Use ability | 32 | |
442 total
» units
| Wisp | 10 | |
| Huntress | 11 | |
| Hippogryph | 3 | |
24 total
» upgrades
| Ultravision | 1 | |
| Moon Armor | 2 | |
| Strength of the Moon | 1 | |
| Reinforced Hides | 2 | |
| Strength of the Wild | 1 | |
7 total
» buildings
| Moon Well | 7 | |
| Altar of Elders | 1 | |
| Ancient of War | 2 | |
| Hunter's Hall | 1 | |
| Ancient of Wonders | 1 | |
| Tree of Ages | 1 | |
| Tree of Eternity | 1 | |
| Ancient of Wind | 1 | |
15 total
» build order
00:38 Moon Well
01:04 Altar of Elders
01:08 Ancient of War
01:36 Moon Well
02:16 Hunter's Hall
02:26 Ancient of Wonders
02:58 Ancient of War
03:08 Moon Well
03:13 Moon Well
04:21 Moon Well
07:16 Tree of Ages
09:54 Tree of Eternity
10:00 Ancient of Wind
10:05 Moon Well
10:52 Moon Well
qqrageqq (
pink | 49 APM | 1075 actions | 21:43)
3 Death Knight
1 Death Coil
2 Unholy Aura
» actions
| Assign group hotkey | 6 | |
| Basic commands | 78 | |
| Build / train | 38 | |
| Enter build submenu | 16 | |
| Enter hero's abilities submenu | 3 | |
| Right click | 411 | |
| Select / deselect | 378 | |
| Select group hotkey | 116 | |
| Use ability | 29 | |
1075 total
» units
| Acolyte | 5 | |
| Ghoul | 4 | |
| Necromancer | 9 | |
| Banshee | 3 | |
21 total
» upgrades
| Skeletal Longevity | 1 | |
| Necromancer Training | 1 | |
| Banshee Training | 1 | |
| Unholy Armor | 1 | |
4 total
» buildings
| Crypt | 1 | |
| Halls of the Dead | 2 | |
| Graveyard | 1 | |
| Ziggurat | 7 | |
| Altar of Darkness | 1 | |
| Temple of the Damned | 2 | |
| Black Citadel | 2 | |
| Spirit Tower | 3 | |
| Necropolis | 1 | |
20 total
» build order
00:34 Crypt
01:43 Halls of the Dead
01:48 Graveyard
02:08 Ziggurat
02:32 Altar of Darkness
04:05 Temple of the Damned
04:13 Temple of the Damned
04:18 Ziggurat
04:33 Ziggurat
05:39 Black Citadel
06:18 Ziggurat
09:42 Spirit Tower
10:13 Spirit Tower
11:34 Necropolis
13:47 Spirit Tower
14:02 Ziggurat
15:30 Halls of the Dead
16:02 Ziggurat
17:25 Ziggurat
17:52 Black Citadel
» items
| Scroll of Town Portal | 1 | |
| Potion of Lesser Invulnerability | 1 | |
2 total

»
S92 (
green | 22 APM | 504 actions | 23:16)
1 Archmage
1 Blizzard
» actions
| Basic commands | 48 | |
| Build / train | 28 | |
| Enter build submenu | 12 | |
| Enter hero's abilities submenu | 1 | |
| Right click | 197 | |
| Select / deselect | 200 | |
| Use ability | 18 | |
504 total
» units
» upgrades
» buildings
| Altar of Kings | 1 | |
| Farm | 7 | |
| Barracks | 2 | |
| Lumber Mill | 1 | |
| Town Hall | 1 | |
12 total
» build order
00:09 Altar of Kings
00:12 Farm
00:59 Barracks
01:18 Barracks
02:04 Farm
02:28 Farm
02:47 Farm
03:52 Farm
04:59 Lumber Mill
05:30 Farm
07:46 Farm
11:13 Town Hall
team 2 (winner)

»
ItsSC2OnESPN7 (
blue | 138 APM | 3359 actions | 24:21)
7 Dreadlord
3 Sleep
3 Vampiric Aura
1 Inferno
» actions
| Assign group hotkey | 80 | |
| Basic commands | 409 | |
| Build / train | 80 | |
| ESC pressed | 2 | |
| Enter build submenu | 27 | |
| Enter hero's abilities submenu | 8 | |
| Give item / drop item | 4 | |
| Right click | 1348 | |
| Select / deselect | 542 | |
| Select group hotkey | 760 | |
| Use ability | 99 | |
3359 total
» units
» upgrades
| Unholy Strength | 3 | |
| Unholy Armor | 3 | |
| Ghoul Frenzy | 1 | |
7 total
» buildings
| Crypt | 2 | |
| Ziggurat | 15 | |
| Altar of Darkness | 2 | |
| Graveyard | 1 | |
| Tomb of Relics | 1 | |
| Spirit Tower | 2 | |
| Nerubian Tower | 1 | |
| Necropolis | 1 | |
| Halls of the Dead | 3 | |
| Black Citadel | 1 | |
| Sacrificial Pit | 1 | |
30 total
» build order
00:32 Crypt
00:34 Ziggurat
00:39 Altar of Darkness
01:02 Graveyard
01:25 Tomb of Relics
02:02 Ziggurat
02:04 Ziggurat
03:14 Ziggurat
04:18 Spirit Tower
04:48 Nerubian Tower
04:57 Necropolis
05:29 Halls of the Dead
05:29 Halls of the Dead
05:29 Halls of the Dead
07:54 Black Citadel
07:56 Sacrificial Pit
08:25 Crypt
09:41 Ziggurat
10:09 Altar of Darkness
15:18 Ziggurat
15:19 Ziggurat
15:19 Ziggurat
22:49 Ziggurat
22:49 Ziggurat
22:50 Ziggurat
22:52 Ziggurat
23:01 Ziggurat
23:02 Ziggurat
23:07 Ziggurat
23:59 Spirit Tower
» items
| Rod of Necromancy | 1 | |
| Scroll of Town Portal | 1 | |
| Orb of Corruption | 1 | |
| Scroll of Healing | 3 | |
| Potion of Mana | 1 | |
7 total
nsf001 (
purple | 49 APM | 1198 actions | 24:22)
5 Goblin Alchemist
3 Acid Bomb
2 Chemical Rage
» actions
| Assign group hotkey | 56 | |
| Basic commands | 44 | |
| Build / train | 20 | |
| Enter build submenu | 11 | |
| Enter hero's abilities submenu | 5 | |
| Right click | 580 | |
| Select / deselect | 233 | |
| Select group hotkey | 145 | |
| Use ability | 104 | |
1198 total
» units
» buildings
| Crypt | 1 | |
| Altar of Darkness | 1 | |
| Ziggurat | 5 | |
| Tomb of Relics | 1 | |
| Nerubian Tower | 2 | |
| Graveyard | 2 | |
| Halls of the Dead | 1 | |
| Spirit Tower | 2 | |
15 total
» build order
00:20 Crypt
00:43 Altar of Darkness
01:09 Ziggurat
01:23 Tomb of Relics
02:03 Nerubian Tower
02:19 Ziggurat
03:16 Graveyard
03:26 Halls of the Dead
03:34 Graveyard
03:44 Ziggurat
03:46 Ziggurat
04:52 Ziggurat
04:57 Spirit Tower
04:58 Nerubian Tower
06:31 Spirit Tower
» items
hotsuntat (
orange | 60 APM | 1457 actions | 24:21)
2 Death Knight
1 Unholy Aura
1 Death Pact
3 Crypt Lord
2 Spiked Carapace
1 Carrion Beetles
1 Naga Sea Witch
1 Frost Arrows
» actions
| Basic commands | 2 | |
| Build / train | 53 | |
| Enter build submenu | 16 | |
| Enter hero's abilities submenu | 6 | |
| Remove unit from queue | 2 | |
| Right click | 1112 | |
| Select / deselect | 248 | |
| Use ability | 18 | |
1457 total
» units
| Acolyte | 7 | |
| Ghoul | 3 | |
| Gargoyle | 5 | |
| Meatwagon | 12 | |
27 total
» upgrades
| Unholy Strength | 1 | |
| Cannibalize | 1 | |
| Unholy Armor | 1 | |
| Creature Attack | 2 | |
| Creature Carapace | 2 | |
7 total
» buildings
| Graveyard | 1 | |
| Crypt | 1 | |
| Altar of Darkness | 1 | |
| Ziggurat | 6 | |
| Spirit Tower | 6 | |
| Halls of the Dead | 1 | |
| Slaughterhouse | 1 | |
| Black Citadel | 1 | |
18 total
» build order
00:33 Graveyard
00:50 Crypt
01:17 Altar of Darkness
01:25 Ziggurat
01:45 Ziggurat
02:51 Spirit Tower
03:56 Halls of the Dead
04:09 Spirit Tower
04:15 Ziggurat
04:19 Ziggurat
04:55 Ziggurat
04:58 Ziggurat
05:50 Spirit Tower
05:52 Spirit Tower
05:53 Spirit Tower
06:48 Slaughterhouse
07:35 Spirit Tower
10:23 Black Citadel

»
j512 (
red | 37 APM | 895 actions | 24:21)
5 Priestess of the Moon
2 Searing Arrows
3 Trueshot Aura
» actions
| Basic commands | 1 | |
| Build / train | 67 | |
| Enter build submenu | 17 | |
| Enter hero's abilities submenu | 5 | |
| Give item / drop item | 1 | |
| Right click | 501 | |
| Select / deselect | 263 | |
| Use ability | 40 | |
895 total
» units
» upgrades
| Strength of the Moon | 2 | |
| Strength of the Wild | 2 | |
| Abolish Magic | 1 | |
| Moon Armor | 1 | |
| Reinforced Hides | 1 | |
7 total
» buildings
| Altar of Elders | 1 | |
| Moon Well | 6 | |
| Ancient of War | 1 | |
| Hunter's Hall | 1 | |
| Tree of Ages | 1 | |
| Ancient of Wonders | 1 | |
| Ancient of Lore | 2 | |
| Ancient Protector | 2 | |
15 total
» build order
00:05 Altar of Elders
00:14 Moon Well
00:42 Ancient of War
01:33 Hunter's Hall
02:01 Moon Well
02:33 Moon Well
04:41 Tree of Ages
05:49 Moon Well
06:09 Ancient of Wonders
08:18 Ancient of Lore
08:23 Ancient of Lore
08:28 Ancient Protector
08:32 Ancient Protector
09:27 Moon Well
10:31 Moon Well
» items
| Rod of Necromancy | 1 | |
| Potion of Healing | 2 | |
| Scroll of Town Portal | 2 | |
| Circlet of Nobility | 1 | |
| Scroll of Healing | 1 | |
| Scroll of Protection | 1 | |
| Potion of Lesser Invulnerability | 1 | |
9 total
Chat log
(00:05 / All) nsf001: TEELOS NOT HERE
(00:14 / All) ItsSC2OnESPN7: I'm okay with staying, honestly.
(00:25 / Allies) nsf001: oh
(00:26 / All) ItsSC2OnESPN7: If you wanna leave, I'll play you.
(00:36 / Allies) nsf001: well then i might as well stay then huh
(00:53 / Allies) ItsSC2OnESPN7: Up to you.
(00:55 / Allies) ItsSC2OnESPN7: I can play your base.
(01:20 / Allies) nsf001: nah i'm gonna play
(01:28 / Allies) nsf001: how much you gonna play after this?
(01:31 / Allies) nsf001: if anything
(01:33 / Allies) ItsSC2OnESPN7: I'll play another.
(01:35 / Allies) nsf001: ok
(01:50 / Allies) ItsSC2OnESPN7: We're rushing whether you like it or not.
(01:52 / Allies) ItsSC2OnESPN7: We got someone waiting.
(03:05 / Allies) ItsSC2OnESPN7: Looks like they want to rush, too.
(03:19 / Allies) nsf001: yep
(05:36 / Allies) ItsSC2OnESPN7: Going to Frenzy.
(06:13 / All) nsf001: I am ready
(06:21 / All) nsf001: Attack my systems and you will suffer considerable losses.
(06:23 / Allies) ItsSC2OnESPN7: None of these fools are.
(07:03 / Allies) j512: hlp
(07:04 / All) nsf001: yaeh
(07:11 / All) nsf001: I was joking about that whole being ready bit.
(07:35 / All) nsf001: What I should have said was
(07:38 / Allies) ItsSC2OnESPN7: Target fire Necs.
(07:48 / All) nsf001: Orange is well prepared to hold off an attack you throw at him
(07:49 / All) nsf001: :P
(07:52 / Allies) ItsSC2OnESPN7: Pies.
(08:00 / Allies) nsf001: yeah, i fucked up, i know
(08:01 / Allies) nsf001: :P
(08:06 / Allies) ItsSC2OnESPN7: Focus the towers.
(08:24 / Allies) nsf001: i'm trying
(08:26 / Allies) nsf001: i don't have much though
(08:44 / Allies) ItsSC2OnESPN7: I wanted you to focus fire the Necromancers when they pulled right up to the front of the base.
(08:48 / Allies) j512: oj wtf
(08:49 / Allies) nsf001: yeah uh
(08:50 / Allies) ItsSC2OnESPN7: Whatever.
(08:53 / Allies) nsf001: didn't realize you were talking to me for some reason
(08:58 / Allies) ItsSC2OnESPN7: If you haven't noticed, orange is backstabbing.
(09:04 / Allies) nsf001: yeah i noticed
(09:06 / Allies) ItsSC2OnESPN7: Now he'll come in with both his heroes
(09:07 / Allies) ItsSC2OnESPN7: and lose them
(09:11 / Allies) ItsSC2OnESPN7: and make it look like he's "bad"
(09:28 / Allies) ItsSC2OnESPN7: see
(09:28 / Allies) nsf001: it's fine
(10:24 / Allies) ItsSC2OnESPN7: ill bt if they hit
(10:25 / Allies) ItsSC2OnESPN7: when my hero is out
(10:53 / Allies) j512: wood plz
(11:47 / Allies) nsf001: cool
(12:01 / Allies) nsf001: yellows ther
(12:23 / All) S92: guys attack
(12:23 / Allies) nsf001: brt red
(12:31 / All) S92: u guys can win
(12:44 / Allies) nsf001: cool
(13:52 / Allies) nsf001: i bet most of the damage to that death knight
(13:54 / Allies) nsf001: was orange's own wagons
(14:51 / Allies) ItsSC2OnESPN7: out
(14:59 / Allies) ItsSC2OnESPN7: or not
(15:09 / All) S92: dont attk yellows base
(15:11 / All) S92: hit pink
(15:15 / All) S92: its the base to the right
(15:18 / Allies) nsf001: the fuck lol
(15:19 / All) S92: he is crippled right now
(15:27 / Allies) nsf001: red out
(15:43 / Allies) ItsSC2OnESPN7: Just bring over Wisps
(15:45 / Allies) ItsSC2OnESPN7: to detonate
(15:47 / Allies) ItsSC2OnESPN7: and we should be fine
(15:50 / Allies) ItsSC2OnESPN7: I know you won't do that.
(15:59 / Allies) nsf001: dude
(15:59 / Allies) nsf001: wtf
(16:01 / Allies) nsf001: wisps are for mining
(16:07 / Allies) nsf001: why would i want to use them to kill things that hurt us
(16:11 / All) S92: u guys are pathetically bad
(16:26 / All) S92: i cripple pink and he destroys my base
(16:30 / All) S92: and u losers cant win
(16:37 / All) nsf001: wouldn't that make YOU pathetically bad?
(16:39 / All) ItsSC2OnESPN7: you're 10-19
(16:42 / All) nsf001: if a cripple beat you up
(16:45 / All) S92: i team harass
(16:49 / All) S92: all the time
(16:51 / All) S92: like this game..
(16:58 / All) S92: and i still win
(16:59 / All) S92: lmfa
(17:01 / All) S92: lmfao
(17:03 / All) qqrageqq: stfu faggot
(17:07 / All) S92: rage
(17:08 / All) S92: rage
(17:10 / All) S92: rage more
(17:11 / All) S92: lolol
(18:15 / Allies) nsf001: yeah pretty much the only thing i can do is
(18:19 / Allies) nsf001: throw acid at stuff
(18:27 / Allies) ItsSC2OnESPN7: I'm okay with this.
(18:45 / All) S92: lol yeah red
(18:47 / All) S92: kill my base
(18:50 / All) S92: jesus
(18:52 / Allies) nsf001: hahahaha
(18:53 / All) S92: ur an idiot
(19:05 / All) nsf001: Clearly he was mad at you for killing his opponents
(19:17 / All) S92: i guess
(19:21 / All) nsf001: See
(19:23 / All) nsf001: He wants a fair game
(19:28 / All) ItsSC2OnESPN7: lol
(19:30 / All) ItsSC2OnESPN7: he wants a fair game
(19:33 / All) ItsSC2OnESPN7: he should stop playing warcraft iii
(19:36 / All) ItsSC2OnESPN7: nobody is as bad as green
(19:38 / All) ItsSC2OnESPN7: to make it even
(19:47 / All) S92: lolol as u lose a 3v2
(19:59 / All) ItsSC2OnESPN7: lolol as you go 10-19
(20:01 / All) ItsSC2OnESPN7: in 4v4
(20:04 / All) ItsSC2OnESPN7: Idiot.
(20:05 / All) S92: lol i play dota
(20:10 / All) ItsSC2OnESPN7: LOL
(20:10 / All) S92: i team kill in these stupid games
(20:12 / All) ItsSC2OnESPN7: THAT EXPLAINS IT
(20:15 / All) S92: to make kids like pink rage
(20:15 / All) nsf001: lol
(20:24 / All) qqrageqq: he tried tk
(20:27 / All) qqrageqq: i pwnt his faggot ass
(20:28 / All) nsf001: Dota is a kids game
(20:30 / All) ItsSC2OnESPN7: dota players are the ki masters of the video game martial arts world
(20:31 / All) qqrageqq: now he wont stfu
(20:32 / All) S92: lol dota is more played
(20:36 / All) qqrageqq: hes a fucking faggot
(20:36 / All) S92: than the real game
(20:38 / All) S92: lololol
(20:50 / All) nsf001: so>
(20:58 / All) nsf001: You know what video game is played more?
(21:00 / All) nsf001: Call of duty
(21:02 / All) ItsSC2OnESPN7: Cityville is the most popular video game on the planet
(21:03 / All) ItsSC2OnESPN7: your point?
(21:11 / All) S92: its more popular?
(21:16 / All) S92: than the game its created off of?
(21:20 / All) ItsSC2OnESPN7: um
(21:21 / All) ItsSC2OnESPN7: sim city?
(21:22 / All) ItsSC2OnESPN7: yes?
(21:28 / All) S92: lol ur stupid kid
(21:32 / All) ItsSC2OnESPN7: lol ur 10-19
(21:35 / All) S92: sucked terribly
(21:39 / All) S92: and went to the real game
(21:45 / All) nsf001: Are you implying
(21:47 / All) S92: lol did u miss me just tk this game?
(21:49 / All) ItsSC2OnESPN7: You sound like 85% of all 4v4 RT players circa 2004
(21:49 / All) nsf001: That dota takes more skill
(21:51 / All) S92: we alrdy won
(21:53 / All) nsf001: Than this
(21:53 / All) nsf001: Lol
(21:57 / All) S92: and i stopped trying
(22:00 / All) S92: and let u win
(22:01 / All) S92: lmfao
(22:05 / All) ItsSC2OnESPN7: your mom stopped trying
(22:10 / All) S92: LOL
(22:10 / All) ItsSC2OnESPN7: once she realized how much of a fuckup you were
(22:11 / All) S92: OK
(22:11 / All) S92: LOL
(22:12 / All) S92: LOL
(22:13 / All) S92: LOL
(22:14 / All) S92: GOOD ONE
(22:15 / All) S92: LMFAO
(22:17 / All) ItsSC2OnESPN7: get out, nerd
(22:18 / All) S92: OMFG
(22:19 / All) S92: LMFAO
(22:22 / All) S92: YOUR MOM
(22:23 / All) S92: U GOT ME
(22:24 / All) S92: HGAHAHA
(22:27 / All) S92: HOLY FUCK
(22:27 / All) ItsSC2OnESPN7: no trust me
(22:29 / All) S92: YOUR GOOD
(22:29 / All) ItsSC2OnESPN7: you're 10-20 now
(22:30 / All) S92: LOLOLOLOL
(22:32 / All) ItsSC2OnESPN7: nothing i could have done
(22:33 / All) S92: LOLOLOLOLOLOLOL
(22:34 / All) S92: HOLY SHIT
(22:37 / All) S92: UR FUNNY MAN
(22:38 / All) S92: HAHAHA
(22:38 / All) ItsSC2OnESPN7: could be more embarrassing than that
(22:39 / All) S92: UR MOM
(22:40 / All) S92: LMFAO
(22:41 / All) S92: OMG
(22:43 / All) S92: U ARE GOOD
(22:44 / All) nsf001: dude
(22:45 / All) S92: HAHAHA
(22:47 / All) S92: JESUS CHRIST
(22:52 / All) S92: UR FUNNY
(22:54 / All) S92: LOLOLOLOL
(22:58 / All) nsf001: You lost to an alchemist, mass ghouls, and two inbred kids.
(23:03 / All) ItsSC2OnESPN7: lol
(23:07 / All) S92: lol i team killed u idiot
(23:10 / All) S92: i won u the game
(23:11 / All) S92: zzz
(23:13 / All) S92: lrn something
(23:26 / All) nsf001: Well that was enlightening
(23:27 / All) ItsSC2OnESPN7: "lrn something"
(23:36 / All) nsf001: You wanna post the chat or should I?
(23:40 / All) ItsSC2OnESPN7: You do it.
(23:53 / All) nsf001: alright, probably end up doing it tomorrow soemtime
(23:56 / All) ItsSC2OnESPN7: kk
(24:09 / Allies) ItsSC2OnESPN7: brb
(24:10 / All) nsf001: they just left a tome of int there
(24:11 / All) nsf001: for some reason